 Dungeon Crawl Stone Soup version 0.26-a0-831-g7192265339 (webtiles) character file.

Game seed: 4836736154703428589

415 strifetoe the Chopper (level 6, -3/37 HPs)
             Began as a Gargoyle Fighter on Nov 16, 2020.
             Slain by an ogre
             ... wielding a +0 giant spiked club
              (18 damage)
             ... on level 4 of the Dungeon.
             The game lasted 00:04:27 (3006 turns).

strifetoe the Chopper (Gargoyle Fighter)            Turns: 3006, Time: 00:04:27

Health: -3/37      AC: 14    Str: 21    XL:     6   Next: 91%
Magic:  6/6        EV:  7    Int: 15    God:
Gold:   224        SH:  9    Dex:  9    Spells: 5/5 levels left

rFire    . . .     SeeInvis .   k - +2 hand axe (vorpal)
rCold    . . .     Faith    .   c - +0 kite shield
rNeg     + . .     Spirit   .   j - +3 scale mail
rPois    ∞         Reflect  .   (no helmet)
rElec    +         Harm     .   (no cloak)
rCorr    .         Rampage  .   (no gloves)
MR       .....                  (no boots)
Stlth    ..........             (no amulet)
HPRegen  0.12/turn              h - +6 ring of intelligence
MPRegen  0.10/turn              (no ring)

@: no status effects
A: negative energy resistance 1, electricity resistance, unbreathing,
petrification resistance, rot immunity, AC +4
a: no special abilities


You were on level 4 of the Dungeon.
You visited 1 branch of the dungeon, and saw 4 of its levels.

You collected 224 gold pieces.

Inventory:

Hand Weapons
 a - a +0 war axe
 k - a +2 vorpal hand axe (weapon)
Armour
 b - a +0 scale mail
 c - a +0 kite shield (worn)
 j - a +3 scale mail (worn)
 m - a +0 plate armour
Jewellery
 h - a +6 ring of intelligence (left hand)
 r - an uncursed amulet of reflection {unknown}
Wands
 s - a wand of iceblast (10)
Scrolls
 f - 4 scrolls of remove curse
 i - 3 scrolls of teleportation
 n - 2 scrolls of identify
 o - a scroll of amnesia {unknown}
 p - a scroll of magic mapping {unknown}
 t - a scroll of fear {unknown}
Potions
 d - a potion of might
 e - 2 potions of brilliance {unknown}
 g - a potion of attraction {unknown}
 l - 2 potions of degeneration {unknown}
 q - 3 potions of curing


   Skills:
 - Level 3.2 Fighting
 + Level 6.5 Axes
 - Level 3.2 Armour
 - Level 3.2 Shields


You had 5 spell levels left.
You didn't know any spells.
Your spell library was empty.

Dungeon Overview and Level Annotations

Branches:
Dungeon (4/15)
 Temple: D:4-7

Altars:
Gozag
Okawaru
Qazlal


Innate Abilities, Weirdness & Mutations

You are resistant to torment.
Your stone body is resilient. (AC +4)
You are immune to poison.
You resist negative energy. (rN+)
You are resistant to electric shocks. (rElec)
You can survive without breathing.
You are immune to petrification.
You are immune to rotting.


Message History

The ogre is moderately wounded.
The ogre hits you with a +0 giant spiked club!
You are too injured to fight recklessly!
You are too injured to fight recklessly!
You are too injured to fight recklessly!
You are too injured to fight recklessly!
You are too injured to fight recklessly!
You are too injured to fight recklessly!
You are too injured to fight recklessly!
You are too injured to fight recklessly!
You are too injured to fight recklessly!
You are too injured to fight recklessly!
You are too injured to fight recklessly!
You are too injured to fight recklessly!
You are too injured to fight recklessly!
Unknown command.
You hit the ogre.
The ogre is heavily wounded.
The ogre hits you with a +0 giant spiked club!!
You die...

# #. ## #.#
##.# ..# ##.#
#.###..#
#O#.#.#
#@##.#
........##.#
##########.##
#..# ##.# #.#
#.# #># #.#


You could see an ogre.

Vanquished Creatures
  A bullfrog (D:4)
  2 orc priests
  2 orc wizards
  An iguana (D:4)
  Jessica (D:2)
  Terence (D:2)
  5 adders
  A river rat (D:3)
  An ooze (D:3)
  4 worms
  2 dart slugs
  A leopard gecko (D:3)
  9 orcs
  9 bats
  4 giant cockroaches
  9 hobgoblins
  3 jackals (D:2)
  A quokka (D:3)
  5 frilled lizards
  8 goblins
  4 kobolds
  12 rats
86 creatures vanquished.

Notes
Turn   | Place    | Note
-------+----------+-------------------------------------------
     0 | D:1      | strifetoe the Gargoyle Fighter began the quest for the Orb.
     0 | D:1      | Reached XP level 1. HP: 14/14 MP: 1/1
    28 | D:1      | Reached skill level 2 in Axes
   152 | D:1      | Reached XP level 2. HP: 19/19 MP: 2/2
   614 | D:2      | Reached skill level 3 in Axes
   647 | D:2      | Reached XP level 3. HP: 23/23 MP: 3/3
   811 | D:2      | Noticed Terence
   850 | D:2      | Killed Terence
   851 | D:2      | Reached skill level 4 in Axes
   851 | D:2      | Reached XP level 4. HP: 14/28 MP: 4/4
  1232 | D:2      | Noticed Jessica
  1243 | D:2      | Killed Jessica
  1247 | D:2      | Found an iron altar of Okawaru.
  1434 | D:3      | Reached XP level 5. HP: 32/32 MP: 5/5
  1540 | D:3      | Reached skill level 5 in Axes
  2166 | D:3      | Reached XP level 6. HP: 36/37 MP: 6/6
  2302 | D:3      | Found a stormy altar of Qazlal.
  2515 | D:3      | Found an opulent altar of Gozag.
  2642 | D:4      | Reached skill level 6 in Axes
  3006 | D:4      | Slain by an ogre

Illustrated notes

Levels and vault maps discovered:
D:1:      minmay_arrival_hallway, layout_loops_ring
D:2:      layout_basic, lemuel_coloured_pillars_altar, uniq_terence,
          uniq_jessica
D:3:      minmay_inner_zag, layout_loops_ring, grunt_gozag_breadcrumbs,
          portal_sewer_entry_e, nicolae_qazlal_eye_of_the_storm
D:4:      layout_loops_ring, cheibriados_altar_1

Skill      XL: |  1  2  3  4  5  6 |
---------------+-------------------+-----
Axes           | 2 3 4 5 6 |  6.5
Fighting       | |  3.2
Armour         | |  3.2
Shields        | |  3.2

Action                   |  1- 3 |  4- 6 || total
-------------------------+-------+-------++-------
Melee: War axe           |   116 |    33 ||   149
       Hand axe          |       |   143 ||   143
  Use: Scroll            |       |     3 ||     3
       Potion            |       |     2 ||     2
Armor: Scale mail        |    74 |    52 ||   126
       Plate armour      |       |    46 ||    46
Dodge: Dodged            |    32 |    37 ||    69
Block: Kite shield       |    50 |    92 ||   142

Table legend: (Time is in decaauts)
 A = Elapsed time spent in this place.
 B = Non-inter-level travel time spent in this place.
 C = Inter-level travel time spent in this place.
 D = Time resting spent in this place.
 E = Time spent auto-exploring this place.
 F = Levels seen in this place.
 G = Mean time per level.
                   A        B        C        D        E       F      G
               +--------+--------+--------+--------+--------+-----+--------+
         Total |   3083 |   2957 |    126 |    366 |   1970 |   4 |  770.8 |
       Dungeon |   3083 |   2957 |    126 |    366 |   1970 |   4 |  770.8 |
               +--------+--------+--------+--------+--------+-----+--------+

Top non-repeatable levels by time:
     D:3: 1180 daAuts
     D:2: 860 daAuts
     D:1: 621 daAuts
     D:4: 420 daAuts
